Map: Ulrena

Players

LilDicky

  • Race: Terran Terran
  • League: Diamond

Doihy - Winner!

  • Race: Zerg Zerg
  • League: Diamond

VOD

http://www.twitch.tv/tumescentpie

Description

Time

  • Played on: Nov. 24, 2015, 2:17 p.m.
  • Length: 6:11
Show
View Real Time Build Order
Export as new Build Order

LilDicky Terran 

Build Orders:  

Get SALT Encoding   

  12  0:01  SCV  
  13  0:13  SCV  
  14  0:17  Supply Depot  
  14  0:27  SCV  
  15  0:41  SCV  
  16  0:53  Barracks  
  16  0:55  Barracks  
  16  0:57  SCV  
  17  1:09  SCV  
  18  1:22  SCV  
  19  1:34  SCV  
  20  1:41  Marine  
  20  1:45  Bunker  
  20  1:47  Marine  
  21  1:48  SCV, Bunker  
  23  2:02  Orbital Command  
  23  2:04  Supply Depot  
  23  2:06  Marine  
  23  2:09  Marine  
  23  2:25  Marine  
  23  2:27  Supply Depot, Marine  
  25  2:39  Barracks  
  25  2:43  Marine  
  26  2:44  Marine  
  26  3:01  Marine  
  27  3:18  Marine  
  27  3:19  Marine  
  29  3:20  SCV  
  29  3:26  Marine  
  31  3:29  Command Center  
  31  3:43  Marine x2  
  31  3:44  Marine  
  31  3:47  SCV  
  35  4:01  Marine x3  
  35  4:02  Bunker  
  38  4:13  SCV  
  38  4:17  Refinery x2  
  37  4:19  Marine x3  
  37  4:25  SCV  
  38  4:36  Marine  
  39  4:41  Marine x2  
  39  4:43  SCV  
  42  4:47  Orbital Command  
  37  5:11  SCV  
  37  5:12  Factory  
  38  5:23  SCV  
  33  5:49  Marine  
  29  5:57  Factory Tech Lab  
  29  5:58  Starport  
Show
View Real Time Build Order
Export as new Build Order

Doihy Zerg - Winner!

Build Orders: Hatch First 

Get SALT Encoding   

  12  0:00  Drone  
  13  0:13  Drone  
  14  0:20  Extractor  
  13  0:23  Drone x2, Extractor  
  13  0:27  Overlord  
  16  0:52  Hatchery  
  16  0:55  Drone  
  16  0:57  Drone  
  17  1:12  Spawning Pool  
  17  1:15  Extractor  
  17  1:18  Drone  
  16  1:29  Drone x2  
  16  1:32  Overlord  
  18  2:04  Spine Crawler  
  18  2:05  Zergling x6  
  20  2:40  Queen  
  22  2:47  Drone x2  
  24  2:55  Drone  
  25  3:07  Roach Warren  
  24  3:26  Queen  
  26  3:27  Spine Crawler  
  25  3:45  Hatchery  
  24  3:54  Roach x2  
  28  4:01  Overlord  
  28  4:10  Roach  
  30  4:40  Drone, Overlord  
  31  4:57  Queen  
  33  5:03  Roach  
  35  5:15  Roach x5  
  45  5:22  Roach  
  45  5:23  Roach  
  48  5:30  Roach  
  48  5:32  Ravager  
  51  5:41  Roach  
  50  5:43  Ravager, Roach  
  50  5:45  Overlord  
Tags
 
Add a new tag
Caveats
  • Supply blocks, unpowered buildings, or Contaminate may cause inaccurate times.
  • Supply counts are checked every 10 seconds.